 Dungeon Crawl Stone Soup version 0.18-a0-5-gf1fb587 (webtiles) character file.

19104 4thArraOfDagon the Cleaver (level 12, 0/99 HPs)
             Began as a Vine Stalker Berserker on Oct 31, 2015.
             Was an Elder of Trog.
             Succumbed to a spiny frog's poison
             ... on level 8 of the Lair of Beasts.
             The game lasted 00:21:08 (3299 turns).

4thArraOfDagon the Cleaver (Vine Stalker Berserker) Turns: 3299, Time: 00:21:08

Health: 0/99       AC: 19    Str: 29    XL:     12   Next: 65%
Magic:  10/19      EV:  6    Int:  7    God:    Trog [****..]
Gold:   1205       SH:  0    Dex: 15    Spells: 0 memorised, 11 levels left

rFire  . . .     SeeInvis .     p - +0 war axe
rCold  . . .     Clarity  .     h - +0 plate armour
rNeg   . . .     SustAt   .     (no shield)
rPois  .         Gourm    .     m - +0 helmet
rElec  .         Spirit   +     b - +1 cloak {+Inv}
rCorr  .         Warding  .     (no gloves)
rMut   .         Stasis   .     (no boots)
MR     +++..                    z - amulet of inaccuracy (curse)
Stlth  ..........               A - ring of loudness (curse)
                                w - -2 ring of evasion (curse)

@: berserking, lethally poisoned (0 -> -14), very slightly contaminated,
regenerating, very quick, extremely resistant to hostile enchantments, extremely
unstealthy
A: fangs 3, thin metallic scales 1, regeneration 3, magic shield, antimagic
bite, no device heal 3, rot immunity
a: Berserk, Trog's Hand, Brothers in Arms, Burn Spellbooks, Renounce Religion,
Evoke Invisibility


You were on level 8 of the Lair of Beasts.
You worshipped Trog.
Trog was greatly pleased with you.
You were hungry.

You visited 2 branches of the dungeon, and saw 16 of its levels.
You also visited: Ice Cave and Volcano.

You collected 1205 gold pieces.

Inventory:

Hand Weapons
 p - a +0 war axe (weapon)
Armour
 b - a +1 cloak of invisibility (worn)
 h - a +0 plate armour (worn)
 m - a +0 helmet (worn)
 n - a +0 scale mail
Magical Staves
 l - a cursed staff of death {unknown}
Jewellery
 k - an uncursed ring of protection from cold
 o - an uncursed ring of teleportation
 q - an uncursed amulet of clarity
 s - an uncursed ring of poison resistance {unknown}
 t - an uncursed amulet of stasis
 w - a cursed -2 ring of evasion (left hand)
 z - a cursed amulet of inaccuracy (around neck)
 A - a cursed ring of loudness (right hand)
 D - an uncursed ring of protection from fire {unknown}
Wands
 a - a wand of disintegration (24)
 F - a wand of draining (12)
Scrolls
 u - a scroll of blinking
 x - a scroll of enchant armour
 E - a scroll of identify
Potions
 d - 3 potions of brilliance {unknown}
 e - 2 potions of might {unknown}
 f - 4 potions of curing
 g - 3 potions of berserk rage {unknown}
 j - a potion of resistance {unknown}
Miscellaneous
 c - a lantern of shadows
 v - an ornate deck of wonders
Comestibles
 i - a meat ration
 r - a bread ration
 B - a beef jerky
 C - 2 chunks of flesh
 G - 3 fruits


   Skills:
 + Level 9.0 Fighting
 * Level 11.9 Axes
 + Level 7.8 Armour
 - Level 1.5 Dodging
 - Level 9.0 Evocations


You had 11 spell levels left.
You didn't know any spells.

Dungeon Overview and Level Annotations

Branches:
Dungeon (8/15)             Temple (0/1) D:5            Lair (8/8) D:8
 Spider (0/4) Lair:4
  Swamp: Lair:3-6    Shoals: Lair:3-6     Slime: Lair:6-8

Altars:
Cheibriados
Dithmenos
Gozag
Makhleb
Qazlal
Trog

Annotations:
Lair:6 SWamp


Innate Abilities, Weirdness & Mutations

You have razor-sharp teeth.
You regenerate.
When hurt, damage is shared between your health and your magic reserves.
Your bite disrupts and absorbs the magic of your enemies.
Potions and wands cannot restore your health.
You are immune to rotting.
You are partially covered in thin metallic scales (AC +2).


Message History

* * * LOW HITPOINT WARNING * * *
You feel sick. The vampire mosquito bites you.
* * * LOW HITPOINT WARNING * * *
The vampire mosquito draws strength from your injuries!
The giant frog hits you but does no damage.
The blink frog barely misses you. The giant frog hits you.
The vampire mosquito bites you but does no damage.
Unknown command.
Unknown command.
You slash the giant leech! Your bite misses the giant leech.
The giant leech is moderately wounded.
You closely miss the blink frog.
The blink frog is moderately wounded.
You barely miss the giant frog.
The giant frog is severely wounded.
You closely miss the giant frog.
The giant frog is almost dead.
You slash the vampire mosquito!
The vampire mosquito is moderately damaged.
You die...

........# .........#
........$###.PPP#....
P....P...##PPPP≈≈....
P##..PPP..#..F.P..≈≈..
P.....................≈.
.......##.##...≈.P.≈.≈≈≈
.......##..PP....≈.≈≈≈≈≈
.......Fy..P......≈≈≈≈P≈
P.....†@w.F.....≈≈§≈≈.≈P
......FF†.P......≈§≈.≈≈≈
.............P.P≈≈P≈≈≈≈P
.........F......≈PP≈≈≈≈≈
...............≈≈P≈≈≈≈≈≈
..............P≈≈≈≈≈F≈≈≈
........P....≈.≈≈.≈≈≈≈≈F
P.............≈≈P≈≈P≈≈$§
.≈yPPP≈≈≈P.


You could see a giant leech, 3 blink frogs, a vampire mosquito and 2 giant
frogs.

Vanquished Creatures
  An ice dragon (IceCv)
  A sun demon (Volcano)
  The ghost of Goblin1989 the Cruncher, a novice GrGl of Okawaru (D:6)
  2 black mambas
  10 spiny frogs
  A molten gargoyle (Volcano)
  2 ice statues (IceCv)
  A gargoyle (Volcano)
  A fire drake (Lair:5)
  A komodo dragon (Lair:3)
  A red devil (Volcano)
  26 yaks
  4 hippogriffs
  2 vampire mosquitoes (Lair:8)
  3 hell hounds (Volcano)
  11 wolves
  8 water moccasins
  An orc warrior (D:6)
  7 porcupines
  A phantom (D:4)
  A necrophage (D:8)
  8 spiders (Lair:4)
  15 ice beasts (IceCv)
  3 crocodiles
  5 giant frogs
  2 scorpions
  2 killer bees (D:6)
  An electric eel (Lair:7)
  A crimson imp (Volcano)
  A giant frog zombie (D:6)
  A lava snake (Volcano)
  2 iguanas
  3 orc priests (D:6)
  4 orc wizards
  2 worker ants
  14 sheep
  A hound skeleton (D:6)
  A worker ant zombie (D:6)
  2 adders (D:3)
  23 river rats
  A worm (D:6)
  A giant gecko (D:3)
  15 orcs
  5 giant cockroaches
  6 goblins
  6 hobgoblins
  4 kobolds
  2 jackals (D:1)
  A jackal skeleton (D:5)
  7 rats
  A fungus (Lair:3)
  A plant (Lair:3)
227 creatures vanquished.

Vanquished Creatures (collateral kills)
  An ice dragon (IceCv)
  A spiny frog (Lair:8)
  A giant frog (Lair:8)
3 creatures vanquished.

Vanquished Creatures (others)
  9 fungi
  2 plants (Lair:8)
11 creatures vanquished.

Grand Total: 241 creatures vanquished

Notes
Turn   | Place    | Note
--------------------------------------------------------------
     0 | D:1      | 4thArraOfDagon the Vine Stalker Berserker began the quest for the Orb.
     0 | D:1      | Reached XP level 1. HP: 11/11 MP: 2/2
   113 | D:1      | Reached XP level 2. HP: 8/16 MP: 3/3
   264 | D:2      | Reached skill level 3 in Axes
   358 | D:2      | Reached ** piety under Trog
   441 | D:3      | Reached XP level 3. HP: 20/20 MP: 4/4
   569 | D:4      | Found a bloodstained altar of Trog.
   601 | D:4      | Noticed a phantom
   608 | D:4      | Reached XP level 4. HP: 24/24 MP: 5/5
   622 | D:4      | Killed a phantom
   622 | D:4      | Reached skill level 4 in Axes
   622 | D:4      | Reached skill level 1 in Evocations
   622 | D:4      | Reached XP level 5. HP: 21/28 MP: 5/7
   637 | D:4      | Found a shadowy altar of Dithmenos.
   642 | D:4      | Noticed a scorpion
   677 | D:4      | Found a snail-covered altar of Cheibriados.
   678 | D:4      | Found a burning altar of Makhleb.
   683 | D:4      | Gained mutation: You heal very quickly. [Vine Stalker growth]
   683 | D:4      | Reached XP level 6. HP: 32/32 MP: 8/8
   716 | D:5      | Entered Level 5 of the Dungeon
   752 | D:6      | Noticed Goblin1989's ghost (novice GrGl)
   770 | D:6      | Killed Goblin1989's ghost
   770 | D:6      | Reached skill level 5 in Axes
   770 | D:6      | Reached XP level 7. HP: 37/37 MP: 8/10
   778 | D:6      | Found a stormy altar of Qazlal.
   861 | D:6      | Reached *** piety under Trog
   898 | D:5      | Found a staircase to the Ecumenical Temple.
   909 | D:5      | Gained mutation: You are partially covered in thin metallic scales (AC +2). [potion of beneficial mutation]
   924 | D:6      | Gained mutation: You have razor-sharp teeth. [Vine Stalker growth]
   924 | D:6      | Reached XP level 8. HP: 42/42 MP: 7/12
  1094 | D:8      | Found a staircase to the Lair.
  1108 | D:8      | Reached skill level 6 in Axes
  1114 | Lair:1   | Entered Level 1 of the Lair of Beasts
  1135 | Lair:1   | Reached skill level 5 in Evocations
  1154 | Lair:1   | Noticed a black mamba
  1167 | Lair:1   | Killed a black mamba
  1167 | Lair:1   | Reached skill level 5 in Fighting
  1167 | Lair:1   | Reached XP level 9. HP: 47/47 MP: 12/14
  1265 | Lair:2   | Noticed a spiny frog
  1274 | Lair:2   | Killed a spiny frog
  1274 | Lair:2   | Reached skill level 7 in Axes
  1397 | Lair:2   | Reached XP level 10. HP: 53/53 MP: 12/16
  1400 | Lair:2   | Reached skill level 8 in Axes
  1400 | Lair:2   | Reached skill level 5 in Armour
  1402 | Lair:2   | Reached **** piety under Trog
  1502 | Lair:2   | Noticed a spiny frog
  1509 | Lair:2   | Killed a spiny frog
  1638 | Lair:2   | Found a dark tunnel.
  1641 | Volcano  | Entered a volcano
  1731 | Volcano  | Found a radiant altar of Vehumet.
  1731 | Volcano  | Noticed a sun demon
  1736 | Volcano  | Killed a sun demon
  1787 | Volcano  | Reached skill level 9 in Axes
  1880 | Volcano  | Reached XP level 11. HP: 49/58 MP: 11/18
  1906 | Volcano  | Noticed a molten gargoyle
  1926 | Volcano  | Killed a molten gargoyle
  2127 | Lair:4   | Found an opulent altar of Gozag.
  2247 | Lair:4   | Reached ***** piety under Trog
  2262 | Lair:5   | Received a gift from Trog
  2332 | Lair:4   | Reached skill level 10 in Axes
  2406 | Lair:4   | Found a hole to the Spider Nest.
  2619 | Lair:5   | Found a frozen archway.
  2625 | IceCv    | Entered an ice cave
  2660 | IceCv    | Gained mutation: You regenerate. [Vine Stalker growth]
  2660 | IceCv    | Reached XP level 12. HP: 64/64 MP: 19/19
  2701 | IceCv    | Reached skill level 11 in Axes
  2788 | IceCv    | Noticed an ice dragon
  2814 | IceCv    | Killed an ice dragon
  2846 | IceCv    | Noticed an ice dragon
  2864 | IceCv    | Killed an ice dragon
  2947 | IceCv    | FUCK
  3059 | Lair:5   | wasted
  3203 | Lair:8   | Entered Level 8 of the Lair of Beasts
  3295 | Lair:8   | nice jewelry
  3297 | Lair:8   | HP: 3/97 [poisoned by a spiny frog]
  3299 | Lair:8   | Succumbed to a spiny frog's poison

Vault maps used:
D:1:      lightli_arrival_statuegarden, st_stairs_6
D:2:      fedhas_altar_4, grunt_ministairs_15
D:3:      first_bread, guppyfry_early_orc_mine, uniq_sigmund
D:4:      kennysheep_mini, nicolae_dithmenos_shadow_blocks,
          gammafunk_temple_overflow_pools
D:5:      old_forge, minmay_temple_entry_nine_rooms
D:6:      kennysheep_little_box, nicolae_overflow_crystal_walls,
          grunt_qazlal_clouds
D:8:      lair_0_dummy, basic_altar
Lair:1:   uniq_gastronok
Lair:2:   enter_volcano_1, pond, serial_bayou_shore_b
Lair:3:   swamp_mist, uniq_harold
Lair:4:   spider_nest_entry_a, basic_altar, roderic_batcave,
          infiniplex_staircase_pool_2
Lair:5:   portal_ice_cave_entry_pillars_03, lemuel_fruit_fields,
          lemuel_fruit_fields
Lair:6:   dpeg_slime_entry_corner, serial_bayou, serial_bayou_pond_b,
          serial_bayou_pond_b, serial_bayou_pond_c, serial_bayou_ford_a,
          serial_bayou_shore_a, beast_lair_carwin_4
Lair:7:   beast_lair_carwin_2, grunt_megastairs_1, infiniplex_staircase_pool
Lair:8:   minmay_lair_end_frog_pond
IceCv:    ice_cave_small_dragons
Volcano:  volcano_lake

Action                   |  1- 3 |  4- 6 |  7- 9 | 10-12 || total
-------------------------+-------+-------+-------+-------++-------
Melee: Hand axe          |    81 |    28 |       |       ||   109
       War axe           |       |       |   136 |   364 ||   500
Invok: Berserk           |     2 |     2 |     6 |    18 ||    28
       Trog's Hand       |       |       |     3 |     4 ||     7
       Brothers in Arms  |       |       |       |     4 ||     4
 Abil: Evoke Invisibilit |       |       |       |     2 ||     2
       Turn Visible      |       |       |       |     2 ||     2
       Evoke Teleportati |       |       |       |     3 ||     3
Evoke: Wand              |       |       |       |     1 ||     1
  Use: Scroll            |       |     3 |     4 |    11 ||    18
       Potion            |       |       |     4 |     1 ||     5
 Stab: Sleeping          |     1 |       |       |       ||     1
       Invisible         |       |       |       |     1 ||     1
  Eat: Chunk             |       |     3 |     7 |    11 ||    21
       Bread ration      |       |       |     1 |       ||     1
       Meat ration       |       |       |       |     3 ||     3
